 Dungeon Crawl Stone Soup version 0.31-a0-986-g5e6e4ef867 (webtiles) character file.

Game seed: 1486439693193797258

2994 wildpjah the Carver (level 9, -3/69 HPs)
             Began as a Merfolk Gladiator on Nov 12, 2023.
             Was a Follower of Uskayaw.
             Slain by a wyvern (5 damage)
             ... on level 8 of the Dungeon.
             The game lasted 00:17:39 (6345 turns).

wildpjah the Carver (Merfolk Gladiator)             Turns: 6345, Time: 00:17:40

Health: -3/69      AC: 10    Str: 14    XL:     9   Next: 83%
Magic:  3/10       EV: 16    Int:  7    God:    Uskayaw [*.....]
Gold:   525        SH:  0    Dex: 20    Spells: 8/8 levels left

rFire   . . .        a - +0 long sword
rCold   + . .        (no shield)
rNeg    . . .        q - +3 leather armour "Eplauhei" {-Cast rPois Slay+6}
rPois   +            s - +0 helmet
rElec   .            m - +0 cloak
rCorr   .            B - +0 pair of gloves
SInv    .            (no boots)
Will    .....        (no amulet)
Stlth   +++          h - ring of protection from cold
HPRegen 0.31/turn    (no ring)
MPRegen 0.12/turn

%: no spellcasting
@: no status effects
A: (nimble swimmer 2), mertail
a: Renounce Religion, Stomp


You were on level 8 of the Dungeon.
You worshipped Uskayaw.
Uskayaw was noncommittal.
You visited 2 branches of the dungeon, and saw 9 of its levels.

You collected 525 gold pieces.

Inventory:

Hand Weapons
 a - a +0 long sword (weapon)
Missiles
 d - 3 throwing nets
 e - a javelin
 v - a boomerang
 w - 3 atropa-tipped darts
 x - 4 poisoned darts
Armour
 b - a +0 leather armour
 m - a +0 cloak (worn)
 q - the +3 leather armour "Eplauhei" (worn) {-Cast rPois Slay+6}
   (You found it on level 2 of the Dungeon)

   Slay+6:    It affects your accuracy & damage with ranged weapons and melee
   (+6).
   rPois:     It protects you from poison -Cast: It prevents spellcasting.
 s - a +0 helmet (worn)
 y - a scarf of repulsion
 B - a +0 pair of gloves (worn)
Jewellery
 h - a ring of protection from cold (left hand)
 H - a ring of fire
Wands
 A - a wand of paralysis (14)
 G - a wand of digging (2)
Scrolls
 g - 11 scrolls of identify {unknown}
 k - a scroll of noise {unknown}
 l - a scroll of enchant armour {unknown}
 o - a scroll of poison {unknown}
 t - 4 scrolls of revelation {unknown}
 z - a scroll of enchant weapon {unknown}
 C - a scroll of blinking {unknown}
 E - 3 scrolls of teleportation {unknown}
 F - a scroll of fear {unknown}
Potions
 c - 4 potions of degeneration {unknown}
 f - a potion of ambrosia {unknown}
 i - a potion of haste {unknown}
 j - 2 potions of mutation {unknown}
 n - 4 potions of curing {unknown}
 p - 5 potions of lignification {unknown}
 r - 3 potions of enlightenment {unknown}
 u - 3 potions of might {unknown}
 D - 2 potions of attraction {unknown}


   Skills:
 + Level 5.6 Fighting
 + Level 10.1 Long Blades
 + Level 3.1 Throwing
 + Level 3.8 Armour
 + Level 7.7 Dodging
 + Level 6.1 Stealth
 * Level 1.9 Invocations


You had 8 spell levels left.
You didn't know any spells.
Your spell library contained the following spells:

 Spells                   Type           Power      Damage    Failure   Level
 Apportation              Tloc           0%         N/A       50%         1
 Freeze                   Ice            0%         1d3       50%         1
 Necrotise                Necr           0%         1d4       50%         1
 Sting                    Tmut/Pois      0%         1d3       50%         1
 Summon Small Mammal      Summ           0%         N/A       50%         1
 Blink                    Tloc           0%         N/A       65%         2
 Lesser Beckoning         Tloc           0%         N/A       65%         2
 Momentum Strike          Conj/Tloc      0%         3d8       65%         2
 Poisonous Vapours        Pois/Air       0%         N/A       65%         2
 Call Canine Familiar     Summ           0%         N/A       86%         3
 Frozen Ramparts          Ice            0%         1d1       86%         3
 Hailstorm                Conj/Ice       0%         3d3       86%         3
 Summon Guardian Golem    Hex/Summ       0%         N/A       86%         3
 Olgreb's Toxic Radiance  Pois           0%         N/A       99%         4
 Summon Ice Beast         Ice/Summ       0%         N/A       99%         4
 Simulacrum               Ice/Necr       0%         N/A       100%        6


Dungeon Overview and Level Annotations

Branches:
Dungeon (8/15)             Temple (1/1) D:4
   Lair: D:8-11

Altars:
Ashenzari
Cheibriados
Dithmenos
Elyvilon
Fedhas
Gozag
Hepliaklqana
Kikubaaqudgha
Nemelex Xobeh
Qazlal
Ru
Trog
Uskayaw
Vehumet
Wu Jian
Xom
The Shining One

Annotations:
D:8 1 transporter


Innate Abilities, Weirdness & Mutations

((You are very nimble when in or above water. (Stealth+, EV+, Speed+++)))
Your lower body shifts to a powerful aquatic tail in water.


Message History

The wight misses you.
The gnoll sergeant hits you but does no damage.
The wight hits you but does no damage. The gnoll hits you with a +0 club.
The gnoll closely misses you. The wyvern closely misses you.
You slash the gnoll sergeant!
You kill the gnoll sergeant!
The wyvern barely misses you.
A gnoll comes into view. It is wielding a +0 whip.
The gnoll barely misses you. The wight barely misses you.
The gnoll closely misses you.
The gnoll hits you from afar with a +0 spear.
The wight misses you. The wyvern completely misses you.
You can now pass through a line of other dancers.
Your life force feels restored.
Aiming: Line Pass
Press: ? - help, Dir - move target The wyvern appears confused.
The gnoll appears confused.
You can no longer pass through a line of other dancers.
The gnoll closely misses you.
The wyvern bites the gnoll!
The wight closely misses you.
You slash the gnoll!
You kill the gnoll!
The gnoll closely misses you. The wight misses you.
You hit the wyvern but do no damage.
The wyvern is moderately wounded.
The wyvern seems less confused.
The gnoll hits you but does no damage. The wight misses you.
The wight hits you but does no damage. The wyvern barely misses you.
The wyvern attacks as it pursues you! The wyvern misses you.
The wight attacks as it pursues you! The wight closely misses you.
The wyvern attacks as it pursues you! The wyvern barely misses you.
The wyvern bites you!
* * * LOW HITPOINT WARNING * * *
The gnoll attacks as it pursues you! The gnoll hits you with a +0 whip.
* * * LOW HITPOINT WARNING * * *
The wight hits you with a +0 scimitar!
* * * LOW HITPOINT WARNING * * *
There is a transporter landing site, spattered with blood here.
The wyvern bites you.
You die...

# #. ## ##.
#.######..
..###......... .
...#..#......
....##.#.........
..........#######
.... #....#8P#~~~
....##..z@#..#S~P
.........l#©$+~P~
....#...zg#..#~~~
.......z.g#8P#~~~
.>.#...g..g#######
#...#...).........
..............<.##
.....#)!.###...###
#............#...


You could see a wyvern, an electric eel, 3 wights and 4 gnolls.

Vanquished Creatures
  Pikel (D:5)
  A troll (D:5)
  Grinder (D:4)
  Prince Ribbit (D:6)
  A steam dragon (D:6)
  Menkaure (D:6)
  Duvessa (D:6)
  A black bear (D:6)
  An ice beast (D:7)
  An ogre (D:5)
  2 phantoms
  A bullfrog (D:7)
  A gnoll sergeant (D:8)
  2 scorpions
  4 wights (D:7)
  Dowan (D:6)
  An electric eel (D:6)
  3 howler monkeys
  3 hounds
  2 jellies (D:5)
  4 iguanas
  3 orc wizards (D:7)
  Natasha (thrice) (D:4)
  5 adders
  A gnoll (D:8)
  A white imp (D:6)
  2 dart slugs
  A worm (D:2)
  20 orcs
  A ball python (D:2)
  7 bats
  7 endoplasms
  2 giant cockroaches
  5 goblins
  3 hobgoblins
  2 jackals (D:3)
  A quokka (D:5)
  4 frilled lizards
  6 kobolds
  A rat (D:3)
109 creatures vanquished.

Notes
Turn   | Place    | Note
-------+----------+-------------------------------------------
     0 | D:1      | wildpjah the Merfolk Gladiator began the quest for the Orb.
     0 | D:1      | Reached XP level 1. HP: 16/16 MP: 1/1
   111 | D:1      | Reached XP level 2. HP: 20/22 MP: 2/2
   212 | D:1      | Reached skill level 4 in Long Blades
   356 | D:1      | Reached XP level 3. HP: 27/28 MP: 3/3
   767 | D:2      | Identified the +3 leather armour "Eplauhei" {-Cast rPois
                  | Slay+6}
   987 | D:2      | Reached skill level 1 in Stealth
   987 | D:2      | Reached XP level 4. HP: 34/34 MP: 4/4
  2075 | D:4      | Noticed Natasha
  2082 | D:4      | Killed Natasha
  2083 | D:4      | Reached skill level 5 in Long Blades
  2083 | D:4      | Reached XP level 5. HP: 36/39 MP: 5/5
  2123 | D:4      | Noticed Grinder
  2134 | D:4      | Paralysed by Grinder for 3 turns
  2143 | D:4      | Paralysed by Grinder for 2 turns
  2148 | D:4      | Paralysed by Grinder for 2 turns
  2163 | D:4      | Killed Grinder
  2164 | D:4      | Reached skill level 6 in Long Blades
  2164 | D:4      | Reached skill level 1 in Armour
  2164 | D:4      | Reached skill level 5 in Dodging
  2164 | D:4      | Reached XP level 6. HP: 8/47 MP: 6/6
  2484 | D:4      | Noticed Natasha
  2489 | D:4      | Killed Natasha
  2617 | D:4      | Noticed Natasha
  2629 | D:4      | Killed Natasha
  2630 | D:4      | Reached XP level 7. HP: 37/52 MP: 7/7
  2792 | D:4      | Found a staircase to the Ecumenical Temple.
  3113 | D:5      | Entered Level 5 of the Dungeon
  3186 | Temple   | Entered the Ecumenical Temple
  3236 | Temple   | Became a worshipper of Uskayaw the Reveller
  3303 | D:5      | Reached * piety under Uskayaw
  3346 | D:5      | Reached ** piety under Uskayaw
  3763 | D:5      | Reached skill level 7 in Long Blades
  4081 | D:5      | Reached *** piety under Uskayaw
  4084 | D:5      | Reached XP level 8. HP: 36/60 MP: 8/8
  4522 | D:5      | Noticed a troll
  4531 | D:5      | Killed a troll
  4732 | D:5      | Noticed Pikel
  4741 | D:5      | Killed Pikel
  4742 | D:5      | Reached skill level 8 in Long Blades
  4744 | D:5      | Reached XP level 9. HP: 63/66 MP: 5/9
  4822 | D:5      | Found a hazy altar of Hepliaklqana.
  4957 | D:6      | Noticed Dowan
  4958 | D:6      | Noticed Duvessa
  4964 | D:6      | Reached skill level 9 in Long Blades
  4973 | D:6      | Killed Duvessa
  4974 | D:6      | Reached skill level 5 in Stealth
  4989 | D:6      | Killed Dowan
  5002 | D:6      | Reached skill level 5 in Fighting
  5262 | D:6      | Found a broken altar of Ashenzari.
  5264 | D:6      | Found a blossoming altar of Fedhas.
  5354 | D:6      | Noticed Menkaure
  5363 | D:6      | Killed Menkaure
  5426 | D:6      | Noticed Prince Ribbit
  5435 | D:6      | Killed Prince Ribbit
  5705 | D:7      | Reached **** piety under Uskayaw
  5711 | D:7      | Reached ***** piety under Uskayaw
  5718 | D:7      | Reached skill level 1 in Invocations
  5902 | D:7      | Reached skill level 10 in Long Blades
  6065 | D:7      | Found a shadowy altar of Dithmenos.
  6256 | D:7      | Found a radiant altar of Vehumet.
  6265 | D:7      | Found a bloodstained altar of Trog.
  6329 | D:8      | Found a transporter.
  6344 | D:8      | HP: 2/69 [wight/+0 scimitar (12)]
  6345 | D:8      | Slain by a wyvern

Illustrated notes

Levels and vault maps discovered:
D:1:      elethiomel_arrival_quiet, layout_basic, kennysheep_nondescript
D:2:      layout_rooms
D:3:      layout_basic, minmay_crystal_room
D:4:      layout_cave_pods, minmay_temple_entry_butterflies, uniq_grinder,
          uniq_natasha
D:5:      layout_loops_corners, worldfamousw_hep_ancestral_shrine, uniq_pikel
D:6:      layout_rooms, nicolae_overflow_squiral, nrook_loot_triangle,
          uniq_prince_ribbit1, uniq_duvessa, uniq_menkaure
D:7:      layout_rooms, amethyst_overflow_temple_binary,
          nicolae_dithmenos_the_darkroom
D:8:      gammafunk_steamed_eel, layout_rooms, kennysheep_mini,
          minmay_lair_entry_grove
Temple:   minmay_temple_curvy_loop

Skill      XL: |  1  2  3  4  5  6  7  8  9 |
---------------+----------------------------+-----
Long Blades    | 4 5 6 7 8 10 | 10.1
Stealth        | 1 2 3 4 6 |  6.1
Fighting       | 3 4 5 |  5.6
Armour         | 1 2 3 |  3.8
Dodging        | 5 6 7 |  7.7
Throwing       | 3 |  3.1
Invocations    | 1 |  1.9

Action                     |  1- 3 |  4- 6 |  7- 9 || total
---------------------------+-------+-------+-------++-------
  Melee: Long sword        |    74 |    82 |   174 ||   330
         Punch             |     1 |     3 |     3 ||     7
         Tailslap          |       |       |     1 ||     1
  Throw: Boomerang         |       |       |     6 ||     6
         Dart              |       |       |     1 ||     1
         Throwing net      |       |       |     3 ||     3
         Javelin           |       |       |     1 ||     1
 Invoke: Stomp             |       |       |     6 ||     6
         Line Pass         |       |       |     4 ||     4
  Evoke: Wand              |       |       |     1 ||     1
   Stab: Sleeping          |     2 |     4 |     5 ||    11
         Distracted        |       |     1 |       ||     1
         Paralysed         |       |       |     7 ||     7
         Confused          |       |       |     1 ||     1
 Armour: Leather armour    |    47 |    44 |   113 ||   204
  Dodge: Dodged            |    82 |    62 |   154 ||   298

Table legend: (Time is in decaauts)
 A = Elapsed time spent in this place.
 B = Non-inter-level travel time spent in this place.
 C = Inter-level travel time spent in this place.
 D = Time resting spent in this place.
 E = Time spent auto-exploring this place.
 F = Levels seen in this place.
 G = Mean time per level.
                   A        B        C        D        E       F      G
               +--------+--------+--------+--------+--------+-----+--------+
         Total |   6371 |   5710 |    661 |      0 |   4746 |   9 |  707.9 |
       Dungeon |   6291 |   5697 |    594 |      0 |   4746 |   8 |  786.4 |
        Temple |     79 |     12 |     67 |      0 |      0 |   1 |   79.0 |
               +--------+--------+--------+--------+--------+-----+--------+

Top non-repeatable levels by time:
     D:5: 1373 daAuts
     D:4: 1229 daAuts
     D:3: 1167 daAuts
     D:6: 702 daAuts
     D:7: 689 daAuts
     D:1: 597 daAuts
     D:2: 498 daAuts
  Temple: 79 daAuts
     D:8: 33 daAuts
